Map: Ascension to Aiur LE

Players

BAMRoasted

  • Race: Zerg Zerg
  • League: Gold
  • Spawn Location: 11:00

MrMalfnction - Winner!

  • Race: Terran Terran
  • League: Gold
  • Spawn Location: 5:00

VOD

Have the link to the VOD?

Description

Time

  • Played on: Sept. 22, 2017, 9:10 p.m.
  • Length: 18:09
Show
View Real Time Build Order
Export as new Build Order

BAMRoasted Zerg 

Build Orders: Hatch First 

Get SALT Encoding   

  12  0:01  Drone  
  13  0:12  Overlord  
  13  0:21  Drone  
  14  0:31  Drone  
  14  0:32  Drone  
  14  0:35  Drone  
  17  0:54  Hatchery  
  17  0:56  Drone  
  17  1:02  Drone  
  18  1:04  Extractor  
  18  1:07  Drone  
  18  1:21  Spawning Pool  
  18  1:24  Drone  
  18  1:29  Drone  
  19  1:42  Drone  
  20  1:50  Overlord  
  20  2:01  Drone  
  21  2:07  Drone  
  22  2:11  Zergling x2  
  23  2:17  Queen  
  23  2:19  Drone  
  26  2:24  Baneling Nest, Zergling x2  
  26  2:26  Queen  
  26  2:29  Drone  
  29  2:34  Drone  
  30  2:54  Lair  
  30  2:56  Drone x4  
  34  3:01  Drone  
  34  3:04  Queen, Extractor, Overlord  
  36  3:11  Overlord  
  36  3:17  Metabolic Boost  
  36  3:24  Zergling x2  
  36  3:25  Zergling x2  
  38  3:29  Drone x3  
  38  3:31  Drone  
  38  3:32  Baneling  
  38  3:33  Baneling x2  
  42  3:40  Drone  
  43  3:44  Drone x2  
  45  4:08  Queen  
  47  4:10  Drone x5  
  47  4:12  Overlord x3  
  52  4:17  Spore Crawler  
  52  4:23  Zergling x2  
  52  4:33  Evolution Chamber  
  52  4:36  Evolution Chamber  
  50  4:39  Drone x4, Hatchery  
  50  4:40  Overlord  
  50  4:42  Extractor  
  50  4:44  Extractor  
  51  4:50  Hydralisk Den  
  50  5:02  Drone x2  
  50  5:03  Drone x3  
  55  5:20  Hydralisk x5  
  65  5:22  Zerg Ground Armor Level 1  
  65  5:24  Zerg Missile Weapons Level 1  
  65  5:27  Drone  
  67  5:28  Drone  
  67  5:32  Drone x2  
  67  5:33  Drone  
  70  5:39  Drone x2  
  72  5:45  Drone  
  72  5:46  Drone x2  
  75  5:51  Zergling x2  
  75  5:52  Queen  
  58  6:12  Drone x2  
  58  6:14  Drone x8  
  68  6:20  Baneling  
  68  6:21  Baneling  
  68  6:28  Hydralisk x3  
  68  6:31  Drone x2  
  76  6:37  Extractor  
  76  6:39  Extractor  
  74  6:50  Drone x5  
  74  6:51  Queen  
  81  6:59  Zergling x8  
  85  7:12  Hydralisk x2  
  85  7:14  Zergling x2, Overlord x2  
  85  7:15  Overlord x3  
  90  7:17  Hatchery  
  90  7:22  Zerg Missile Weapons Level 2, Zerg Melee Weapons Level 1  
  89  7:34  Pneumatized Carapace  
  89  7:38  Zergling x4  
  89  7:39  Zergling x10  
  96  7:50  Zergling x2  
  96  7:51  Zergling x4  
  99  7:52  Hydralisk x2  
  103  8:05  Overseer  
  103  8:09  Zergling x4  
  103  8:10  Zergling x12  
  111  8:15  Hatchery  
  110  8:22  Infestation Pit  
  110  8:23  Hydralisk  
  110  8:24  Hydralisk x2  
  110  8:27  Baneling x9  
  115  8:28  Baneling x2  
  115  8:29  Centrifical Hooks  
  115  8:35  Drone x2  
  115  8:36  Drone x7  
  124  8:48  Hydralisk  
  124  8:49  Hydralisk x4  
  134  9:03  Zergling x4  
  134  9:06  Overlord x4  
  134  9:07  Overlord  
  130  9:38  Zergling x8  
  124  9:39  Zergling x12  
  124  9:43  Baneling x2  
  124  9:44  Baneling x6  
  133  9:49  Hydralisk  
  133  9:50  Infestor, Hydralisk x2  
  133  9:51  Infestor  
  143  10:00  Drone x2  
  143  10:01  Drone x4  
  143  10:03  Hydralisk x3  
  155  10:13  Overseer x4  
  155  10:18  Hydralisk x9  
  172  10:34  Overlord x6  
  172  10:41  Hive  
  172  10:45  Pathogen Glands  
  172  10:49  Spire  
  171  11:13  Hydralisk x4  
  171  11:14  Zergling x2  
  171  11:15  Zergling x26  
  193  11:21  Queen  
  195  11:42  Neural Parasite  
  99  12:05  Zergling x20  
  99  12:06  Zergling x28  
  105  12:25  Extractor  
  105  12:27  Extractor  
  105  12:28  Baneling x5  
  105  12:29  Baneling x8  
  103  12:30  Baneling x4  
  103  12:33  Zerg Melee Weapons Level 2  
  103  12:34  Zerg Missile Weapons Level 3  
  103  12:37  Greater Spire  
  103  12:56  Ultralisk Cavern  
  103  12:57  Mutalisk x6  
  103  12:58  Mutalisk x2  
  105  13:00  Zergling x2  
  105  13:01  Zergling x22  
  111  13:11  Hydralisk x4  
  109  13:20  Hatchery  
  101  13:27  Hydralisk  
  101  13:28  Hydralisk x3  
  101  13:30  Hatchery  
  108  13:56  Zergling x10  
  108  13:57  Ultralisk  
  113  14:15  Ultralisk  
  65  14:38  Zergling x4  
  65  14:39  Zergling x6  
  68  14:51  Drone  
  54  15:20  Drone x7  
  61  15:35  Extractor  
  60  15:36  Drone x2, Extractor  
  60  15:37  Drone  
  60  15:39  Drone  
  63  15:50  Zergling x8  
  63  15:51  Zergling x2  
  68  15:59  Zerg Flyer Weapons Level 1  
  68  16:08  Drone  
  68  16:10  Drone  
  70  16:14  Hatchery  
  69  16:20  Baneling x2  
  69  16:21  Baneling x8  
  69  16:31  Hydralisk x4  
  77  16:33  Zergling x2  
  78  16:45  Drone x2  
  80  17:08  Zergling x10  
  82  17:09  Zergling x10  
  82  17:10  Zergling x2  
  76  17:22  Hatchery  
  65  17:58  Hatchery  
Show
View Real Time Build Order
Export as new Build Order

MrMalfnction Terran - Winner!

Build Orders: Reaper Expand, Bio Tank 

Get SALT Encoding   

  12  0:03  SCV  
  13  0:15  SCV  
  13  0:18  Supply Depot  
  14  0:27  SCV  
  15  0:40  Barracks, SCV  
  16  0:48  Refinery  
  16  0:52  SCV  
  17  1:04  SCV  
  18  1:16  SCV  
  19  1:29  Orbital Command  
  19  1:31  Reaper  
  20  1:44  Command Center  
  21  1:54  SCV  
  21  2:00  Barracks  
  21  2:09  Barracks Reactor  
  21  2:13  SCV  
  22  2:21  Supply Depot  
  22  2:25  SCV  
  22  2:26  Factory  
  23  2:34  Refinery  
  23  2:38  SCV  
  23  2:47  Marine x2  
  23  2:48  Barracks Tech Lab  
  23  2:50  SCV  
  25  2:56  Orbital Command  
  25  3:05  SCV  
  26  3:09  Stimpack  
  26  3:10  Marine x2  
  28  3:14  Marine  
  28  3:17  SCV  
  30  3:23  SCV  
  31  3:29  SCV  
  31  3:32  Starport  
  32  3:35  Marine x2, SCV  
  32  3:36  Marine  
  37  3:41  SCV  
  37  3:44  Supply Depot  
  37  3:47  SCV  
  38  3:51  Factory Reactor  
  38  3:53  SCV  
  38  3:54  Marine  
  38  3:55  Marine x2  
  42  3:59  SCV  
  43  4:05  SCV  
  43  4:07  Supply Depot  
  44  4:11  SCV  
  44  4:12  Marine x3  
  48  4:18  SCV  
  48  4:23  SCV  
  50  4:30  SCV  
  51  4:35  SCV, Medivac  
  51  4:36  Medivac  
  51  4:37  Factory Reactor  
  56  4:41  Supply Depot  
  56  4:42  SCV  
  56  4:45  Supply Depot  
  57  4:46  Marine x2  
  57  4:49  Command Center, SCV  
  60  4:58  SCV  
  60  4:59  Marine  
  62  5:03  SCV  
  62  5:04  Marine x2  
  62  5:05  Supply Depot  
  65  5:08  Supply Depot  
  65  5:19  Marine  
  66  5:21  Widow Mine  
  66  5:22  Widow Mine, Marine  
  66  5:25  Marine  
  72  5:29  Supply Depot  
  72  5:33  Supply Depot  
  72  5:36  SCV x2  
  72  5:37  Marine  
  72  5:40  Marine  
  76  5:43  Marine  
  76  5:48  SCV  
  78  5:55  Marine  
  78  5:57  Marine  
  75  6:09  Marine  
  75  6:10  Widow Mine x2  
  65  6:13  Marine  
  65  6:14  Factory  
  66  6:19  Orbital Command  
  66  6:20  SCV x2  
  66  6:21  Barracks  
  66  6:23  Barracks  
  68  6:25  Supply Depot  
  68  6:36  SCV x2  
  70  6:48  SCV, Engineering Bay  
  70  6:49  Combat Shields  
  70  6:50  Marine  
  70  6:51  Marine x2, Engineering Bay  
  70  6:52  SCV x2  
  76  6:58  Orbital Command  
  76  7:00  SCV  
  77  7:02  Factory Tech Lab  
  77  7:03  Factory Tech Lab, Refinery  
  77  7:04  SCV  
  77  7:08  Marine x2  
  78  7:12  SCV  
  78  7:13  Barracks Reactor  
  81  7:16  SCV  
  81  7:19  Terran Infantry Armor Level 1, Terran Infantry Weapons Level 1  
  82  7:23  Siege Tank x2  
  82  7:24  Barracks  
  82  7:25  SCV  
  89  7:30  SCV x2  
  89  7:33  Barracks Reactor  
  91  7:38  Refinery  
  91  7:46  Marine  
  91  7:47  Marine x2  
  94  7:55  Siege Tank x2  
  100  8:00  Marine  
  100  8:01  Marine  
  100  8:04  Marine  
  100  8:05  Marine, Medivac  
  104  8:10  Marine x2  
  108  8:13  Barracks Reactor  
  108  8:16  Marine  
  108  8:18  Marine x2  
  111  8:20  Refinery  
  111  8:22  Marine, Refinery  
  111  8:23  Marine, SCV x3  
  116  8:28  Marine x2  
  116  8:29  Siege Tank  
  116  8:33  Marine  
  122  8:35  SCV x3  
  122  8:36  Marine x2  
  122  8:40  Marine x2  
  129  8:42  Siege Tank  
  129  8:46  Marine  
  133  9:01  Marine x4  
  137  9:03  Supply Depot  
  137  9:04  Marine  
  137  9:05  Marine x3, Supply Depot  
  141  9:25  Siege Tank, Marine x3, Armory, Marauder  
  141  9:26  Siege Tank  
  149  9:38  Marine x4  
  147  9:39  Marine  
  147  9:43  Marine x3, Supply Depot  
  147  9:45  Supply Depot  
  154  9:47  Marauder  
  156  9:56  Marine  
  156  9:57  Marine x4  
  156  9:58  Siege Tank  
  164  10:00  Marine  
  164  10:04  Siege Tank, Marine x2  
  170  10:08  Marauder  
  172  10:20  Marine x6  
  178  10:22  Marine x2, SCV  
  181  10:28  Supply Depot  
  181  10:30  Supply Depot  
  181  10:47  Marine x2, SCV  
  181  10:50  Siege Tank x2, Marine, SCV  
  181  10:51  Marine x6  
  181  10:52  SCV  
  196  10:58  Supply Depot  
  196  11:04  SCV  
  197  11:12  Terran Infantry Weapons Level 2  
  197  11:13  Terran Infantry Armor Level 2  
  197  11:14  Terran Vehicle Weapons Level 1  
  197  11:16  Command Center  
  197  11:20  Marine x3  
  200  11:51  Marine  
  174  11:59  Marine  
  174  12:00  Marine x7  
  152  12:09  Marine  
  152  12:10  Siege Tank x2  
  152  12:11  Medivac x2  
  163  12:17  Marine  
  163  12:18  Marine x7  
  171  12:27  Marine  
  172  12:32  Planetary Fortress  
  172  12:35  Marine x5  
  177  12:41  Medivac x2  
  177  12:42  Siege Tank x2  
  179  13:08  Marine x3  
  179  13:09  Marine x6  
  183  13:16  Terran Vehicle Weapons Level 2  
  181  13:26  Marine  
  182  13:30  Marine x8  
  182  13:33  Siege Tank x2  
  196  13:44  Marine  
  196  13:47  Marine  
  195  13:49  Marauder  
  194  14:05  Siege Tank  
  189  14:10  Marauder  
  184  14:25  Marine x7  
  134  14:45  Marine  
  134  14:46  Marine x6  
  134  14:49  Marine x2  
  142  14:58  Terran Infantry Weapons Level 3  
  142  14:59  Terran Infantry Armor Level 3  
  142  15:00  SCV x3  
  142  15:03  Marine x6  
  142  15:04  Marine  
  125  15:07  Marine  
  125  15:11  Marine  
  125  15:12  Siege Tank x2  
  125  15:13  Medivac x2  
  131  15:21  Marine x5  
  131  15:22  Marine  
  137  15:42  Barracks  
  137  15:43  Barracks, Medivac x2  
  137  15:44  Siege Tank  
  137  15:45  Siege Tank  
  137  15:48  Marine  
  137  15:49  Marine x7  
  155  15:56  Liberator x2  
  155  15:58  Orbital Command  
  155  16:15  Marine x6  
  155  16:16  Siege Tank, Marine x3  
  155  16:17  Siege Tank  
  176  16:33  Marine x6  
  176  16:38  Marine x3  
  176  16:39  Liberator  
  185  16:49  Siege Tank x2  
  185  16:50  Marine  
  185  16:51  Marine x5  
Tags
 
Add a new tag
Caveats
  • Supply blocks, unpowered buildings, or Contaminate may cause inaccurate times.
  • Supply counts are checked every 10 seconds.